 Dungeon Crawl Stone Soup version 0.29.0-4-gdea44cf6ec (webtiles) character file.

Game seed: 9627954235696830799

637 qw the Chopper (level 7, -15/54 HPs)
             Began as a Formicid Cinder Acolyte on Sept 4, 2022.
             Was an Elder of Ignis.
             Demolished by an ogre
             ... wielding a +0 giant spiked club
              (30 damage)
             ... on level 4 of the Dungeon.
             The game lasted 00:01:20 (4168 turns).

qw the Chopper (Formicid Cinder Acolyte)            Turns: 4168, Time: 00:01:21

Health: -15/54     AC: 18    Str: 20    XL:     7   Next: 79%
Magic:  2/2        EV:  7    Int: 12    God:    Ignis [****..]
Gold:   209        SH:  0    Dex:  9    Spells: 8/8 levels left

rFire   + . .      SeeInvis +   Y - +0 war axe (antimagic)
rCold   . . .      Faith    .   (no shield)
rNeg    . . .      Spirit   .   d - +2 chain mail of Spring Thaw {Rampage +Inv Int-2}
rPois   .          Reflect  .   (helmet unavailable)
rElec   .          Harm     .   (no cloak)
rCorr   .          Rampage  +   (no gloves)
Will    .....                   (no boots)
Stlth   ..........              (no amulet)
HPRegen 0.18/turn               (no ring)
MPRegen 0.08/turn               (no ring)

@: fiery-armoured
A: permanent stasis, dig shafts and tunnels, antennae 3, four strong arms
a: Dig, Shaft Self, Renounce Religion, Evoke Invisibility, Fiery Armour, Foxfire
Swarm, Rising Flame


You were on level 4 of the Dungeon.
You worshipped Ignis.
Ignis was greatly pleased with you.
You visited 1 branch of the dungeon, and saw 5 of its levels.

You collected 209 gold pieces.


Innate Abilities, Weirdness & Mutations

You cannot be hasted, slowed, berserked, paralysed or teleported.
You can dig through walls and to a lower floor.
You have a pair of large antennae on your head. (SInv)
Your four strong arms can wield two-handed weapons with a shield.


   Skills:
 - Level 4.2 Fighting
 - Level 7.1 Axes
 + Level 0.0 Throwing
 - Level 3.4 Armour
 - Level 1.0 Dodging
 - Level 1.1 Spellcasting
 - Level 3.0 Fire Magic


You had 8 spell levels left.
You didn't know any spells.
Your spell library contained the following spells:

 Spells                   Type           Power      Damage    Failure   Level
 Scorch                   Fire           14%        2d6       80%         2

Inventory:

Hand Weapons
 f - a -1 hand axe of flaming
 Y - a +0 antimagic war axe (weapon)
Missiles
 i - a boomerang (quivered)
Armour
 d - the +2 chain mail of Spring Thaw (worn) {Rampage +Inv Int-2}
   (You found it on level 2 of the Dungeon)

   Int:       It affects your intelligence (-2).
   +Inv:      It lets you turn invisible.
   Rampage:   It bestows one free step when moving towards enemies.
Scrolls
 a - 2 scrolls of identify
Potions
 k - a potion of heal wounds
 l - a potion of haste {unknown}
 m - a potion of lignification {unknown}

Dungeon Overview and Level Annotations

Branches:
Dungeon (5/15)
 Temple: D:4-7

Altars:
Sif Muna


Message History

The kobold is severely wounded.
You hit the ogre. The kobold barely misses you.
The ogre hits you with a +0 giant spiked club!
You hit the kobold but do no damage.
The kobold is severely wounded.
You hit the ogre but do no damage. The kobold hits you but does no damage.
The ogre completely misses you.
You miss the kobold.
The kobold is severely wounded.
You slash the ogre! The kobold hits you but does no damage.
You barely miss the kobold.
The kobold is severely wounded.
You hit the ogre. The kobold hits you but does no damage.
The ogre closely misses you. The kobold hits you but does no damage.
You closely miss the kobold.
The kobold is severely wounded.
You barely miss the ogre.
The ogre hits you with a +0 giant spiked club!
The kobold hits you but does no damage.
You completely miss the kobold.
The kobold is severely wounded.
You hit the ogre. The kobold hits you but does no damage.
The ogre barely misses you.
You slash the kobold!
You kill the kobold!
You slash the ogre! You hit the ogre.
The ogre is severely wounded.
The ogre hits you with a +0 giant spiked club!
4167 ||| INVOKING Fiery Armour.
A protective cloak of flame settles atop you.
The ogre barely misses you.
You hit the ogre.
The ogre is almost dead.
The ogre hits you with a +0 giant spiked club!!
Ouch! That really hurt!
You die...

#.# #.# #.# #.# ### #.##
.. #../ #. ####
######)#################
......O@................
######.#################
#. #. #. #. #. #.


You could see an ogre.

Vanquished Creatures
  An ice beast (D:5)
  2 phantoms (D:5)
  A kobold brigand (D:5)
  A necrophage (D:5)
  A scorpion (D:5)
  A howler monkey (D:5)
  A hound (D:5)
  6 adders
  3 gnolls (D:2)
  2 dart slugs
  2 orcs
  7 endoplasms
  11 goblins
  5 hobgoblins
  3 jackals (D:1)
  4 quokkas
  5 bats
  2 frilled lizards (D:1)
  8 kobolds
  4 rats
70 creatures vanquished.

Notes
Turn   | Place    | Note
-------+----------+-------------------------------------------
     0 | D:1      | qw the Formicid Cinder Acolyte began the quest for the Orb.
     0 | D:1      | Reached XP level 1. HP: 18/18 MP: 2/2
     0 | D:1      | 0 ||| qw: Version: 0.1-a-102-g441f92d
     0 | D:1      | 0 ||| qw: Game counter: 5311
     0 | D:1      | 0 ||| qw: Always use a shield: true
     0 | D:1      | 0 ||| qw: God list: Okawaru
     0 | D:1      | 0 ||| qw: Allow faded altars: false
     0 | D:1      | 0 ||| qw: Do Orc after D:15 true
     0 | D:1      | 0 ||| qw: Do second Lair branch before Depths: true
     0 | D:1      | 0 ||| qw: Lair rune preference: random
     0 | D:1      | 0 ||| qw: Plans: Normal
     0 | D:1      | 0 ||| PLANNING D:1-11
   189 | D:1      | 189 ||| Stepping ~*~*~tactically~*~*~ (stealth).
   356 | D:1      | 356 ||| Stepping ~*~*~tactically~*~*~ (stealth).
   360 | D:1      | Reached XP level 2. HP: 24/24 MP: 3/3
   415 | D:1      | 415 ||| INVOKING Fiery Armour.
   978 | D:1      | 978 ||| Stepping ~*~*~tactically~*~*~ (stealth).
  1007 | D:1      | Reached skill level 4 in Axes
  1007 | D:1      | Reached XP level 3. HP: 29/29 MP: 4/4
  1263 | D:1      | 1263 ||| UPGRADING to +0 robe of willpower.
  1273 | D:1      | 1273 ||| DROPPING +0 robe.
  1274 | D:1      | 1274 ||| UPGRADING to +0 ring mail.
  1284 | D:1      | 1284 ||| DROPPING +0 robe of willpower.
  1285 | D:1      | 1285 ||| READING 2 scrolls labelled EHETHA MUDY.
  1286 | D:1      | 1286 ||| READING scroll labelled SUACE JIULAMP.
  1287 | D:1      | 1287 ||| READING scroll labelled HUYKAM SYVE.
  1288 | D:1      | 1288 ||| READING scroll labelled LIOGUCI FAGEGRE.
  1288 | D:1      | Identified a scroll of acquirement
  1288 | D:1      | 1288 ||| ACQUIRING +0 antimagic war axe
  1288 | D:1      | Acquired a +0 antimagic war axe
  1290 | D:1      | 1290 ||| SWAPPING to +0 antimagic war axe.
  1291 | D:1      | 1291 ||| DRINKING 3 murky clear potions.
  1292 | D:1      | 1292 ||| DROPPING 2 potions of flight.
  1380 | D:2      | Identified the +2 chain mail of Spring Thaw {Rampage +Inv
                  | Int-2}
  1406 | D:2      | 1406 ||| Stepping ~*~*~tactically~*~*~ (stealth).
  1407 | D:2      | 1407 ||| Stepping ~*~*~tactically~*~*~ (stealth).
  1413 | D:2      | 1413 ||| Stepping ~*~*~tactically~*~*~ (stealth).
  1415 | D:2      | 1415 ||| Stepping ~*~*~tactically~*~*~ (hiding).
  1416 | D:2      | 1416 ||| Stepping ~*~*~tactically~*~*~ (hiding).
  1420 | D:2      | 1420 ||| INVOKING Fiery Armour.
  1425 | D:2      | HP: 5/29 [gnoll/+0 halberd (5)]
  1427 | D:2      | Reached skill level 1 in Armour
  1432 | D:2      | Reached XP level 4. HP: 4/35 MP: 1/5
  1432 | D:2      | 1432 ||| Stepping ~*~*~tactically~*~*~ (hiding).
  1435 | D:2      | HP: 3/35 [gnoll/+0 spear (1)]
  1444 | D:2      | 1444 ||| FLEEEEING.
  1562 | D:2      | 1562 ||| FLEEEEING.
  1563 | D:2      | 1563 ||| FLEEEEING.
  1566 | D:2      | 1566 ||| FLEEEEING.
  1567 | D:2      | 1567 ||| FLEEEEING.
  1568 | D:2      | 1568 ||| FLEEEEING.
  1569 | D:2      | 1569 ||| FLEEEEING.
  1570 | D:2      | 1570 ||| FLEEEEING.
  1571 | D:2      | 1571 ||| FLEEEEING.
  1572 | D:2      | 1572 ||| FLEEEEING.
  1573 | D:2      | 1573 ||| FLEEEEING.
  1574 | D:2      | 1574 ||| FLEEEEING.
  1576 | D:2      | 1576 ||| FLEEEEING.
  1577 | D:2      | 1577 ||| STAIRDANCE
  1719 | D:1      | 1719 ||| UPGRADING to +2 chain mail of Spring Thaw {Rampage
                  | +Inv Int-2}.
  1729 | D:1      | 1729 ||| DROPPING +0 ring mail.
  2195 | D:2      | 2195 ||| READING scroll labelled JAKHOT MELILEO.
  2196 | D:2      | 2196 ||| READING scroll labelled ISIZOE OSYT.
  2356 | D:3      | Reached XP level 5. HP: 41/41 MP: 2/6
  2363 | D:3      | 2363 ||| Stepping ~*~*~tactically~*~*~ (stealth).
  2367 | D:3      | 2367 ||| Stepping ~*~*~tactically~*~*~ (stealth).
  2371 | D:3      | 2371 ||| Stepping ~*~*~tactically~*~*~ (stealth).
  2372 | D:3      | 2372 ||| Stepping ~*~*~tactically~*~*~ (stealth).
  2379 | D:3      | 2379 ||| Stepping ~*~*~tactically~*~*~ (stealth).
  2416 | D:3      | Reached skill level 5 in Axes
  2421 | D:3      | 2421 ||| INVOKING Fiery Armour.
  2610 | D:3      | You fall into a shaft and drop 2 floors!
  2610 | D:5      | Entered Level 5 of the Dungeon
  2664 | D:5      | Noticed an ice beast
  2664 | D:5      | Noticed a phantom
  2665 | D:5      | 2665 ||| Stepping ~*~*~tactically~*~*~ (stealth).
  2667 | D:5      | 2667 ||| Stepping ~*~*~tactically~*~*~ (stealth).
  2676 | D:5      | Killed an ice beast
  2677 | D:5      | Reached skill level 3 in Armour
  2677 | D:5      | Reached XP level 6. HP: 30/47 MP: 2/7
  2892 | D:5      | 2892 ||| DRINKING 2 amethyst potions.
  2893 | D:5      | 2893 ||| DRINKING 2 cyan potions.
  2894 | D:5      | 2894 ||| DROPPING potion of attraction.
  2895 | D:5      | 2895 ||| DROPPING potion of berserk rage.
  2908 | D:4      | Found a shimmering blue altar of Sif Muna.
  2914 | D:4      | 2914 ||| Stepping randomly (stuck).
  2985 | D:5      | 2985 ||| INVOKING Fiery Armour.
  2986 | D:5      | Reached skill level 6 in Axes
  3241 | D:5      | Reached XP level 7. HP: 45/53 MP: 2/8
  3626 | D:5      | Reached skill level 7 in Axes
  3749 | D:5      | Identified the +1 robe "Ujen" {-Cast Fly Int-3 Dex+10}
  4040 | D:5      | 4040 ||| DROPPING ring of flight.
  4041 | D:5      | 4041 ||| READING 4 scrolls of identify.
  4041 | D:5      | 4041 ||| IDENTIFYING smoky ruby potion
  4042 | D:5      | 4042 ||| READING 3 scrolls of identify.
  4042 | D:5      | 4042 ||| IDENTIFYING green potion
  4043 | D:5      | 4043 ||| READING 2 scrolls of identify.
  4043 | D:5      | 4043 ||| IDENTIFYING ruby potion
  4044 | D:5      | 4044 ||| DROPPING potion of brilliance.
  4045 | D:5      | 4045 ||| DROPPING potion of magic.
  4156 | D:4      | Reached skill level 1 in Dodging
  4167 | D:4      | 4167 ||| INVOKING Fiery Armour.
  4168 | D:4      | Demolished by an ogre

Levels and vault maps discovered:
D:1:      dpeg_cavernosity, layout_basic
D:2:      layout_basic, due_unseen_surprise
D:3:      kennysheep_the_goblin_king, layout_basic, lightli_temple_of_fire
D:4:      layout_basic, nicolae_overflow_hidden_temple, minivault_23,
          uniq_sigmund
D:5:      layout_loops_corners, serial_bayou_pond_b

Skill      XL: |  1  2  3  4  5  6  7 |
---------------+----------------------+-----
Axes           | 4 5 6 7 |  7.1
Armour         | 1 3 |  3.4
Fighting       | 4 |  4.2
Dodging        | 1 |  1.0
Spellcasting   | |  1.1
Fire Magic     | |  3.0

Action                   |  1- 3 |  4- 6 |  7- 9 || total
-------------------------+-------+-------+-------++-------
Melee: Hand axe          |    66 |       |       ||    66
       Punch             |     1 |       |       ||     1
       War axe           |    13 |   101 |    60 ||   174
Throw: Boomerang         |    35 |    25 |     4 ||    64
Invok: Fiery Armour      |     2 |     2 |     1 ||     5
  Use: Scroll            |     4 |     2 |     3 ||     9
       Potion            |     1 |     2 |       ||     3
Armor: Robe              |    22 |       |       ||    22
       Ring mail         |     5 |     2 |       ||     7
       Chain mail        |       |    54 |    39 ||    93
Dodge: Dodged            |    57 |    45 |    20 ||   122

Table legend:
 A = Non-vault XP
 B = Vault XP
 C = Vault XP percentage of total XP
 D = Non-vault monster count
 E = Vault monster count
 F = Vault count percentage of total count
                 A         B        C        D         E       F
            +---------+---------+-------+---------+---------+-------
      Total |     718 |     192 |  21.1 |      56 |      14 |  20.0
            +---------+---------+-------+---------+---------+-------
        D:1 |      36 |       6 |  14.3 |      21 |       4 |  16.0
        D:2 |      79 |       0 |   0.0 |      15 |       0 |   0.0
        D:3 |      24 |      14 |  36.8 |       7 |       7 |  50.0
        D:4 |      14 |       0 |   0.0 |       2 |       0 |   0.0
        D:5 |     565 |     172 |  23.3 |      11 |       3 |  21.4
            +---------+---------+-------+---------+---------+-------
